 Dungeon Crawl Stone Soup version 0.19.1 (webtiles) character file.

46 Kikal the Cutter (level 3, -1/23 HPs)
             Began as a High Elf Wanderer on Dec 2, 2016.
             Slain by an adder (2 damage)
             ... on level 2 of the Dungeon.
             The game lasted 00:05:01 (1479 turns).

Kikal the Cutter (High Elf Wanderer)                Turns: 1479, Time: 00:05:01

Health: -1/23      AC:  5    Str: 14    XL:     3   Next: 46%
Magic:  4/4        EV: 10    Int: 15    God:
Gold:   26         SH:  0    Dex: 13    Spells: 0 memorised, 2 levels left

rFire  . . .     SeeInvis +     n - -1 spear (curse)
rCold  . . .     Gourm    .     d - +0 ring mail
rNeg   . . .     Faith    .     (no shield)
rPois  .         Spirit   .     (no helmet)
rElec  .         Reflect  .     (no cloak)
rCorr  .         Harm     .     (no gloves)
MR     +....                    (no boots)
Stlth  +.........               (no amulet)
                                j - ring of see invisible
                                h - ring of protection from magic

@: lethally poisoned (-1 -> -4)
A: no striking features
a: no special abilities


You were on level 2 of the Dungeon.
You were hungry.

You visited 1 branch of the dungeon, and saw 2 of its levels.

You collected 26 gold pieces.

Inventory:

Hand Weapons
 b - a +0 hand crossbow
 e - a +0 short sword
 n - a cursed -1 spear (weapon)
Missiles
 c - 33 bolts
Armour
 d - a +0 ring mail (worn)
Jewellery
 h - a ring of protection from magic (left hand)
 j - a ring of see invisible (right hand)
Potions
 g - a potion of flight
 i - a potion of berserk rage {unknown}
 l - a potion of degeneration {unknown}
Books
 a - a book of Minor Magic

   Spells                             Type                      Level
   a - Magic Dart                     Conjuration                  1
   b - Blink                          Translocation                2
   c - Call Imp                       Summoning                    2
   d - Repel Missiles                 Charms/Air                   2
   e - Slow                           Hexes                        2
   f - Conjure Flame                  Conjuration/Fire             3
   g - Mephitic Cloud                 Conjuration/Poison/Air       3
Comestibles
 f - a bread ration


   Skills:
 - Level 1.4 Fighting
 + Level 3.6 Short Blades
   Level 1.3 Bows
 - Level 2.6 Armour
 - Level 1.1 Stealth
   Level 1.0 Shields
   Level 1.1 Conjurations
   Level 2.0 Hexes


You had 2 spell levels left.
You didn't know any spells.

Dungeon Overview and Level Annotations

Branches:
Dungeon (2/15)

Altars:


Message History

The adder is lightly wounded.
The adder barely misses you.
The hobgoblin hits you but does no damage.
The adder bites you but does no damage. The hobgoblin misses you.
You closely miss the adder.
The adder is lightly wounded.
* * * LOW HITPOINT WARNING * * *
You feel sick. The adder bites you but does no damage.
The hobgoblin barely misses you.
You take 1 damage, and have 2/23 hp.
Your ring mail prevents you from hitting the adder.
The adder is lightly wounded.
The adder closely misses you. The hobgoblin hits you.
* * * LOW HITPOINT WARNING * * *
The adder barely misses you.
You take 1 damage, and have 1/23 hp.
You closely miss the adder.
The adder is lightly wounded.
The adder bites you.
You die...

#.....# ##### #.....# #
. .....###.....####. ..
................. .#.
..#.##........#
...##.#.##........#
......#.##....(...###.##
......#.................
.........#######@g.###.
#........# #S..#
#........# ....#
#........# .....#
#........# ......#
#........# ####...#
#........# #####
#........# #........#


You could see an adder and a hobgoblin.

Vanquished Creatures
  An adder (D:2)
  An ooze (D:1)
  A dart slug (D:1)
  2 giant cockroaches (D:1)
  3 goblins (D:1)
  A hobgoblin (D:1)
  4 jackals (D:1)
  6 bats
  2 frilled lizards (D:1)
  8 kobolds
  6 rats
35 creatures vanquished.

Notes
Turn   | Place    | Note
-------+----------+-------------------------------------------
     0 | D:1      | Kikal the High Elf Wanderer began the quest for the Orb.
     0 | D:1      | Kikal set off with: a book of Minor Magic, a +0 hand crossbow, 23 bolts, a +0 ring mail, a bread ration
     0 | D:1      | Reached XP level 1. HP: 13/13 MP: 2/2
   112 | D:1      | Reached skill level 1 in Short Blades
   128 | D:1      | Reached XP level 2. HP: 18/18 MP: 3/3
   137 | D:1      | Reached skill level 2 in Short Blades
   533 | D:1      | Reached XP level 3. HP: 16/23 MP: 4/4
   754 | D:1      | Reached skill level 3 in Short Blades
  1478 | D:2      | HP: 1/23 [hobgoblin (1)]
  1479 | D:2      | Slain by an adder

Skill      XL: |  1  2  3 |
---------------+----------+-----
Short Blades   | 1 2 3 |  3.6
Fighting       | |  1.4
Bows           | |  1.3
Armour         | |  2.6
Stealth        | |  1.1
Shields        | |  1.0
Conjurations   | |  1.1
Hexes          | |  2.0

Action                   || total
-------------------------++-------
Melee: Short sword       ||    88
       Spear             ||    46
 Fire: Hand crossbow     ||    15
  Use: Scroll            ||     3
 Stab: Sleeping          ||     1
  Eat: Chunk             ||     1
Armor: Ring mail         ||    87
Dodge: Dodged            ||   101
